 Dungeon Crawl Stone Soup version 0.29-a0-1009-g60c99734e7 (webtiles) character file.

Game seed: 2398977360269479591

40537 siradein the Grappler (level 14, 0/124 HPs)
             Began as a Ghoul Fighter on Aug 9, 2022.
             Was the Champion of Okawaru.
             Killed by the air
             ... invoked by a blizzard demon
              (12 damage)
             ... on level 2 of the Abyss.
             The game lasted 01:03:09 (23785 turns).

siradein the Grappler (Ghoul Fighter)              Turns: 23785, Time: 01:03:11

Health: 0/124      AC: 14    Str: 23      XL:     14   Next: 11%
Magic:  20/20      EV: 31    Int:  4 (5)  God:    Okawaru [******]
Gold:   433        SH:  5    Dex:  8      Spells: 13/13 levels left

rFire   + + .      SeeInvis .     - Unarmed
rCold   . . .      Faith    .   b - +0 buckler
rNeg    + + +      Spirit   .   X - +1 ring mail "Paoz" {rF+ rC- Slay+5}
rPois   ∞          Reflect  .   (no helmet)
rElec   .          Harm     .   Y - +2 cloak {Stlth+}
rCorr   .          Rampage  .   (no gloves)
Will    +....                   F - +2 pair of boots
Stlth   +.........              D - amulet of the acrobat
HPRegen 0.00/turn               q - +4 ring of evasion
MPRegen 0.17/turn               A - ring of protection from fire

@: about to teleport, acrobatic, inhibited regen, very slow
A: claws 1, cold resistance 1, negative energy resistance 3, inhibited
regeneration, torment resistance 2, devour on kill
a: Renounce Religion, Heroism, Finesse, Duel


You were on level 2 of the Abyss.
You worshipped Okawaru.
Okawaru was exalted by your worship.
You visited 3 branches of the dungeon, and saw 18 of its levels.
You visited the Abyss 1 time.
You also visited: Sewer and Ossuary.

You collected 1470 gold pieces.
You spent 1037 gold pieces at shops.

Inventory:

Missiles
 f - 5 throwing nets
 B - 2 silver javelins
 E - 13 boomerangs (quivered)
 K - 4 silver boomerangs
 Q - 9 curare-tipped darts
 U - 11 javelins
 W - 3 boomerangs of dispersal
Armour
 b - a +0 buckler (worn)
 F - a +2 pair of boots (worn)
 X - the +1 ring mail "Paoz" (worn) {rF+ rC- Slay+5}
   (Okawaru gifted it to you on level 4 of the Lair of Beasts)

   Slay:      It affects your accuracy & damage with ranged weapons and melee
   (+5).
   rF:        It protects you from fire.
   rC:        It makes you vulnerable to cold.
 Y - a +2 cloak of stealth (worn)
Jewellery
 j - a ring of see invisible
 q - a +4 ring of evasion (left claw)
 u - an amulet of magic regeneration
 y - a ring of magical power
 A - a ring of protection from fire (right claw)
 D - an amulet of the acrobat (around neck)
 H - a +6 ring of intelligence
 S - an amulet of faith
Wands
 e - a wand of polymorph (6)
 I - a wand of digging (18)
 J - a wand of light (10)
 O - a wand of flame (49)
 T - a wand of mindburst (3)
Scrolls
 c - a scroll of silence {unknown}
 d - 7 scrolls of immolation
 k - 3 scrolls of noise {unknown}
 l - 3 scrolls of enchant weapon
 m - 6 scrolls of teleportation
 n - 2 scrolls of acquirement {unknown}
 t - 2 scrolls of amnesia {unknown}
 C - 2 scrolls of brand weapon {unknown}
 L - 2 scrolls of enchant armour
 N - a scroll of magic mapping
 P - 3 scrolls of poison
 R - a scroll of fear
Potions
 a - 3 potions of magic
 g - a potion of invisibility
 h - a potion of experience {unknown}
 i - 4 potions of curing
 o - 5 potions of resistance
 p - 2 potions of haste {unknown}
 r - 4 potions of mutation {unknown}
 s - 5 potions of heal wounds
 v - 2 potions of cancellation
 x - 3 potions of might
 z - 2 potions of brilliance
 G - 3 potions of attraction {unknown}
 M - 5 potions of flight {unknown}
 Z - a potion of ambrosia
Miscellaneous
 V - a lightning rod (4/4)


   Skills:
 + Level 11.2 Fighting
 + Level 8.8 Throwing
 + Level 9.3 Armour
 + Level 5.8 Dodging
 + Level 9.4 Shields
 + Level 11.5 Unarmed Combat
 + Level 9.3 Invocations


You had 13 spell levels left.
You didn't know any spells.
Your spell library contained the following spells:

 Spells                   Type           Power      Damage    Failure   Level
 Apportation              Tloc           0%         N/A       71%         1
 Necrotise                Necr           0%         1d4       71%         1
 Stone Arrow              Conj/Erth      0%         3d7       97%         3
 Vampiric Draining        Necr           0%         2d6       97%         3
 Passage of Golubria      Tloc           0%         N/A       100%        4
 Agony                    Necr           0%         N/A       100%        5
 Fireball                 Conj/Fire      0%         3d3       100%        5
 Iskenderun's Battlesphe  Conj           0%         2d6       100%        5
 Silence                  Hex/Air        0%         N/A       100%        5
 Conjure Ball Lightning   Conj/Air       0%         3x3d6     100%        6
 Orb of Destruction       Conj           0%         9d5       100%        7
 Lehudib's Crystal Spear  Conj/Erth      0%         10d2      100%        8
 Summon Small Mammal      Summ           Unusable   N/A       N/A         1
 Animate Armour           Summ/Erth      Unusable   N/A       N/A         4

Dungeon Overview and Level Annotations

Branches:
Dungeon (12/15)            Temple (1/1) D:4            Lair (5/5) D:9
  Swamp (0/4) Lair:3        Snake (0/4) Lair:3          Orc (0/2) D:12
  Sewer (visited)         Ossuary (visited)
  Slime: Lair:4-5

Altars:
Ashenzari
Cheibriados
Dithmenos
Fedhas
Gozag
Hepliaklqana
Kikubaaqudgha
Makhleb
Nemelex Xobeh
Okawaru
Qazlal
Ru
Sif Muna
Trog
Uskayaw
Vehumet
Wu Jian
Xom
Yredelemnul

Shops:
D:4 ([=   D:11 :

Annotations:
D:9 3 runed translucent doors, exclusions: obsidian statue and orange crystal statue, MisterPants's ghost, journeyman FoFi; porpoise's ghost, journeyman DjFE


Innate Abilities, Weirdness & Mutations

You are immune to poison.
You have sharp fingernails.
Your flesh is cold resistant. (rC+)
You are immune to negative energy. (rN+++)
You do not regenerate when monsters are visible.
You are immune to unholy pain and torment.
You thrive by killing the living.


Message History

You feel the power of the Abyss delaying your translocation!
The thrashing horror tramples you but does no damage.
The thrashing horror tramples you.
You hold your ground!
The small abomination completely misses you.
The ancient lich casts a spell at you. The crystal spear hits you!!!
Ouch! That really hurt!
* * * LOW HITPOINT WARNING * * *
Unknown command.
You feel much better. The thrashing horror tramples you.
* * * LOW HITPOINT WARNING * * *
You hold your ground!
The thrashing horror tramples you but does no damage.
The white imp hits you but does no damage.
The small abomination completely misses you.
The ancient lich touches you!
* * * LOW HITPOINT WARNING * * *
Blink to where?
Press: ? - help, Dir - move target, p - white imp
As you read the scroll of blinking, it crumbles to dust.
The white imp gestures at you.
The puff of frost hits you but does no damage.
A crimson imp comes into view.
A large abomination comes into view.
You enter the shallow water.
Moving in this stuff is going to be slow.
The crimson imp shouts!
The blizzard demon attacks as you move away!
You block the blizzard demon's attack. The blizzard demon barely misses you.
The thrashing horror attacks as you move away!
The thrashing horror completely misses you.
The thrashing horror tramples you but does no damage.
The thrashing horror completely misses you.
The thrashing horror misses you.
The thrashing horror completely misses you.
The thrashing horror tramples you.
* * * LOW HITPOINT WARNING * * *
You hold your ground!
The blizzard demon waves its arms in wide circles.
The air twists around and strikes you!
You die...

.. # .#.# ## .
~~~~##. .##.
#.~~5#.#####...#
#§~~≈§.#.X#...
##.~2~~...§.
#..§≈X~~.#..#
####.≈@~≈~#
#....###~~~.#
####. ~~~~# ..
#~~~ ... §~ ###
.


You could see a blizzard demon, a thrashing horror, a large abomination and a
crimson imp.

Vanquished Creatures
  A catoblepas (Lair:3)
  5 hydras
  A death yak (Lair:5)
  3 two-headed ogres
  A thrashing horror (Abyss:2)
  Sonja (Lair:5)
  Lodul (D:11)
  A glowing orange brain (Abyss:2)
  2 ugly things
  2 rust devils (Abyss:2)
  4 black mambas
  8 elephants
  A torpor snail (Lair:1)
  Joseph (D:7)
  A gargoyle (D:11)
  8 cane toads
  An unseen horror (D:10)
  5 komodo dragons
  3 rime drakes (Lair:5)
  An efreet (Abyss:2)
  A freezing wraith (Abyss:2)
  2 ancient zymes (Abyss:2)
  A troll (D:10)
  2 polar bears
  2 hornets
  14 blink frogs
  4 raiju (Abyss:2)
  A black mamba zombie (Abyss:2)
  6 wyverns
  28 yaks
  3 small abominations (Abyss:2)
  2 wraiths (D:10)
  A neqoxec (Abyss:2)
  Grum (D:10)
  A chaos spawn (Abyss:2)
  6 basilisks
  2 steam dragons
  2 vampire mosquitoes (D:11)
  7 water moccasins
  A large abomination (Abyss:2)
  An acid dragon (D:11)
  Duvessa (D:6)
  5 orc warriors
  2 ice beasts (D:7)
  A sky beast (Abyss:2)
  3 black bears
  A centaur (D:9)
  9 ogres
  15 wolves
  5 elf zombies (Ossuary)
  3 phantoms
  4 kobold brigands
  13 bullfrogs
  5 necrophages
  4 scorpions
  10 wights
  Dowan (D:6)
  15 killer bees
  A vampire bat (D:4)
  2 centaur zombies (Ossuary)
  2 electric eels (Lair:4)
  3 howler monkeys
  4 hounds
  3 jellies
  5 orc priests
  4 gnoll boudas
  5 human zombies (Ossuary)
  An iguana (D:5)
  3 orc wizards
  5 mummies
  17 gnolls
  10 adders
  2 shadow imps
  4 white imps
  2 ufetubi (D:4)
  A dart slug (D:1)
  3 worms
  26 orcs
  12 ball pythons
  13 bats
  8 endoplasms
  11 giant cockroaches
  8 goblins
  4 hobgoblins
  12 jackals
  25 kobolds
  6 quokkas (D:4)
  4 frilled lizards
  4 rats
446 creatures vanquished.

Vanquished Creatures (others)
  34 fungi
  20 plants
  3 withered plants (D:9)
57 creatures vanquished.

Grand Total: 503 creatures vanquished

Notes
Turn   | Place    | Note
-------+----------+-------------------------------------------
     0 | D:1      | siradein the Ghoul Fighter began the quest for the Orb.
     0 | D:1      | Reached XP level 1. HP: 19/19 MP: 0/0
   232 | D:1      | Reached XP level 2. HP: 26/26 MP: 1/1
   491 | D:1      | Reached XP level 3. HP: 31/31 MP: 2/2
   697 | D:1      | Found a faded altar of an unknown god.
  1538 | D:2      | Reached XP level 4. HP: 33/40 MP: 3/3
  2147 | D:3      | Found an iron altar of Okawaru.
  2147 | D:3      | Found a shadowy altar of Dithmenos.
  2295 | D:3      | Noticed a phantom
  2322 | D:3      | Killed a phantom
  2323 | D:3      | Reached skill level 1 in Throwing
  2323 | D:3      | Reached XP level 5. HP: 27/46 MP: 4/4
  3121 | D:4      | Found a staircase to the Ecumenical Temple.
  3130 | Temple   | Entered the Ecumenical Temple
  3319 | D:3      | Became a worshipper of Warmaster Okawaru
  3340 | D:4      | Noticed an ogre
  3344 | D:4      | Noticed a black bear
  3345 | D:4      | Found Vitaf's Antique Weapon Shoppe.
  3355 | D:4      | Killed an ogre
  3356 | D:4      | Reached XP level 6. HP: 26/53 MP: 5/5
  3363 | D:4      | Killed a black bear
  3564 | D:4      | Reached * piety under Okawaru
  3677 | D:4      | Found Ostucwib's Jewellery Emporium.
  3708 | D:4      | Reached XP level 7. HP: 60/60 MP: 6/6
  3777 | D:4      | Found a glowing drain.
  3798 | Sewer    | Entered a sewer
  4069 | Sewer    | Reached skill level 5 in Fighting
  4624 | D:4      | Bought a ring of see invisible for 150 gold pieces
  4738 | D:4      | Found Rionk's Antique Armour Shoppe.
  4826 | D:4      | Found an opulent altar of Gozag.
  4936 | D:4      | Found an ornate altar of the Wu Jian Council.
  5109 | D:4      | Reached XP level 8. HP: 66/69 MP: 7/7
  5410 | D:5      | Entered Level 5 of the Dungeon
  5751 | D:5      | Reached skill level 5 in Unarmed Combat
  6184 | D:5      | Reached ** piety under Okawaru
  6921 | D:5      | Reached skill level 5 in Shields
  7554 | D:6      | Found a hide-covered altar of Uskayaw.
  7648 | D:6      | Noticed Duvessa
  7649 | D:6      | Noticed Dowan
  7657 | D:6      | Reached skill level 5 in Armour
  7670 | D:6      | Reached skill level 1 in Invocations
  7670 | D:6      | Reached XP level 9. HP: 42/75 MP: 5/8
  7681 | D:6      | Killed Duvessa
  7685 | D:6      | Killed Dowan
  7971 | D:6      | Reached *** piety under Okawaru
  8164 | D:7      | Noticed Joseph
  8288 | D:7      | Killed Joseph
  8288 | D:7      | Received a gift from Okawaru
  8884 | D:7      | Found a broken altar of Ashenzari.
  9100 | D:7      | Reached XP level 10. HP: 52/86 MP: 11/11
  9101 | D:7      | Reached **** piety under Okawaru
  9510 | D:8      | Reached skill level 5 in Throwing
  9699 | D:8      | Found a sand-covered staircase.
  9708 | Ossuary  | Entered an ossuary
 11059 | D:8      | Reached skill level 5 in Invocations
 11658 | D:9      | Found a bloodstained altar of Trog.
 11788 | D:9      | Found a staircase to the Lair.
 11811 | D:9      | Noticed a two-headed ogre
 11822 | D:9      | Killed a two-headed ogre
 11822 | D:9      | Reached ***** piety under Okawaru
 11833 | D:9      | Reached XP level 11. HP: 84/94 MP: 12/14
 12017 | D:9      | Found a snail-covered altar of Cheibriados.
 12285 | D:9      | Received a gift from Okawaru
 12417 | D:9      | Noticed an eight-headed hydra
 12426 | D:9      | Killed an eight-headed hydra
 12595 | D:10     | Entered Level 10 of the Dungeon
 12733 | D:10     | Found a shimmering altar of Xom.
 12921 | D:10     | Found a radiant altar of Vehumet.
 13210 | D:10     | Noticed Grum
 13246 | D:10     | Killed Grum
 13759 | D:9      | Received a gift from Okawaru
 13915 | D:9      | You fall into a shaft and drop 3 floors!
 13934 | D:11     | Noticed a green ugly thing
 13949 | D:12     | Killed a green ugly thing
 14066 | D:9      | Reached skill level 1 in Dodging
 14122 | D:9      | Noticed an obsidian statue
 14192 | D:9      | Noticed an orange crystal statue
 14281 | D:9      | Found a runed translucent gate.
 14281 | D:9      | Found a runed translucent gate.
 14282 | D:9      | Found a runed translucent gate.
 14283 | D:9      | Noticed MisterPants's ghost (journeyman FoFi)
 14283 | D:9      | Noticed porpoise's ghost (journeyman DjFE)
 14471 | D:11     | Noticed a red ugly thing
 14488 | D:10     | Received a gift from Okawaru
 14762 | D:11     | Killed a red ugly thing
 15010 | D:11     | Received a gift from Okawaru
 15308 | D:11     | Found Dear Tacso's Book Shoppe.
 15317 | D:11     | Noticed Lodul
 15344 | D:11     | Killed Lodul
 15376 | D:11     | Received a gift from Okawaru
 15377 | D:11     | Reached XP level 12. HP: 38/104 MP: 10/16
 15529 | D:4      | Bought a dazzling plate armour for 700 gold pieces
 15529 | D:4      | Identified the +0 plate armour "Louf" {Harm rPois rF++}
                  | (You bought it in a shop on level 4 of the Dungeon)
 15529 | D:4      | Bought a glowing cloak for 187 gold pieces
 15670 | D:11     | Noticed a two-headed ogre
 15684 | D:11     | Killed a two-headed ogre
 16190 | D:11     | Noticed a two-headed ogre
 16203 | D:11     | Killed a two-headed ogre
 16203 | D:11     | Received a gift from Okawaru
 16308 | Lair:1   | Entered Level 1 of the Lair of Beasts
 16718 | Lair:1   | Reached skill level 10 in Unarmed Combat
 17209 | Lair:1   | Received a gift from Okawaru
 17632 | Lair:2   | Reached ****** piety under Okawaru
 18031 | Lair:2   | Received a gift from Okawaru
 18417 | Lair:2   | Noticed an eight-headed hydra
 18431 | Lair:2   | Killed an eight-headed hydra
 18431 | Lair:2   | Received a gift from Okawaru
 18647 | Lair:2   | Reached skill level 10 in Fighting
 19379 | Lair:2   | Reached XP level 13. HP: 90/113 MP: 18/18
 20250 | Lair:3   | Found a staircase to the Swamp.
 20262 | Lair:3   | Found a staircase to the Snake Pit.
 21206 | Lair:4   | Received a gift from Okawaru
 21451 | Lair:4   | Identified the +1 ring mail "Paoz" {rF+ rC- Slay+5}
                  | (Okawaru gifted it to you on level 4 of the Lair of Beasts)
 21451 | Lair:4   | Received a gift from Okawaru
 22170 | Lair:4   | Reached skill level 5 in Dodging
 22582 | Lair:5   | Entered Level 5 of the Lair of Beasts
 22749 | Lair:5   | Noticed Sonja
 22753 | Lair:5   | Killed Sonja
 23219 | Abyss:2  | Cast into level 2 of the Abyss (a wizard)
 23417 | Abyss:2  | Received a gift from Okawaru
 23418 | Abyss:2  | Reached XP level 14. HP: 124/124 MP: 19/19
 23662 | Abyss:2  | Received a gift from Okawaru
 23774 | Abyss:2  | Noticed an ancient lich
 23774 | Abyss:2  | Noticed an ancient lich
 23775 | Abyss:2  | HP: 5/124 [ancient lich/crystal spear (62)]
 23785 | Abyss:2  | Killed from afar by a blizzard demon

Illustrated notes

Levels and vault maps discovered:
D:1:      dpeg_arrival_morbid_curiosity, layout_basic,
          hellmonk_ecumenical_altar_crossroads
D:2:      layout_loops_ring, minmay_misc_feat_four_crosses,
          kennysheep_cross_room
D:3:      layout_basic, jmf_multi_god_temple, minmay_fractal_squares_5
D:4:      kb_forest_paths, layout_loops_ring, pdpol_wu_jian_five_deadly_venoms,
          mainiacjoe_overflow_surrounded_room,
          minmay_temple_entry_statues_pillars, serial_shops,
          nicolae_shop_advertising_works [nicolae_subvault_shop_adworks],
          nicolae_shop_trees, shop, gup_sewer_entry_pipe, roderic_batcave,
          grunt_ministairs_8, minmay_unequal
D:5:      layout_basic
D:6:      layout_loops_cross, nicolae_uskayaw_murder_on_the_dancefloor,
          nicolae_fountain_basement, uniq_duvessa
D:7:      minmay_bubble_buster, layout_rooms, lemuel_coloured_pillars_altar,
          uniq_joseph
D:8:      layout_basic, gup_ossuary_entry_pyramid
D:9:      minmay_separated_statues, layout_loops_cross,
          trog_three_pillars_becter, chei_slow_surprise, lair_entry_dummy,
          gammafunk_ghost_cemetery, minmay_fractal_squares_gapless_5
D:10:     layout_cave_pools, lemuel_doored_altar,
          nicolae_tso_swordbearing_angel, old_standard_altar, serial_glass,
          glass_columns_a, glass_columns_c, uniq_grum
D:11:     layout_rooms, serial_shops, shop, minmay_misc_feat_hallway, uniq_lodul
D:12:     layout_gridville, orc_0_dummy, uniq_kirke
Temple:   jpeg_temple_clearing
Lair:1:   layout_regular_city, dreamdust_mushroom_princess, uniq_fannar
Lair:2:   layout_small_grid
Lair:3:   layout_gridlike, swamp_mist, dummy_snake_entry
Lair:4:   layout_layer_cave, infiniplex_staircase_pool
Lair:5:   evil_forest, layout_loops_ring, minmay_slime_entry_oklob_enclosed,
          uniq_sonja, uniq_nessos
Abyss:2:  base: D:3, hangedman_abyss_overflow_altar

Skill      XL: |  1  2  3  4  5  6  7  8  9 10 11 12 13 |
---------------+----------------------------------------+-----
Shields        | 3 4 5 6 7 8 9 |  9.4
Armour         | 3 4 5 6 7 8 9 |  9.3
Unarmed Combat | 3 4 6 7 8 9 10 11 | 11.5
Fighting       | 4 5 6 7 8 9 10 11 | 11.2
Throwing       | 1 2 3 4 5 6 7 8 |  8.8
Invocations    | 1 3 5 6 8 9 |  9.3
Dodging        | 2 4 5 |  5.8

Action                   |  1- 3 |  4- 6 |  7- 9 | 10-12 | 13-15 || total
-------------------------+-------+-------+-------+-------+-------++-------
Melee: Unarmed           |   140 |   117 |   594 |   999 |   370 ||  2220
Throw: Stone             |    27 |    17 |       |     1 |       ||    45
       Dart              |       |       |       |    20 |       ||    20
       Boomerang         |       |       |       |     2 |    73 ||    75
Invok: Heroism           |       |       |     2 |    15 |     7 ||    24
       Finesse           |       |       |       |     3 |       ||     3
Evoke: Wand              |       |       |       |       |     4 ||     4
  Use: Scroll            |       |     4 |     2 |    13 |     7 ||    26
       Potion            |       |     1 |     1 |       |     1 ||     3
 Stab: Invisible         |       |       |       |     2 |       ||     2
       Sleeping          |       |       |       |       |     1 ||     1
       Distracted        |       |       |       |       |     1 ||     1
Armor: Scale mail        |    42 |       |   135 |   242 |       ||   419
       Chain mail        |     9 |    53 |    26 |       |       ||    88
       Plate armour      |       |       |   175 |   138 |    63 ||   376
       Ring mail         |       |       |       |       |    63 ||    63
Dodge: Dodged            |    52 |    41 |   215 |   364 |   205 ||   877
Block: Buckler           |    25 |    22 |   106 |   191 |    88 ||   432

Table legend: (Time is in decaauts)
 A = Elapsed time spent in this place.
 B = Non-inter-level travel time spent in this place.
 C = Inter-level travel time spent in this place.
 D = Time resting spent in this place.
 E = Time spent auto-exploring this place.
 F = Levels seen in this place.
 G = Mean time per level.
                   A        B        C        D        E       F      G
               +--------+--------+--------+--------+--------+-----+--------+
         Total |  23631 |  22006 |   1625 |    965 |  17094 |  21 | 1125.3 |
       Dungeon |  14962 |  13499 |   1463 |    617 |  10429 |  12 | 1246.8 |
        Temple |    139 |    121 |     18 |      0 |    110 |   1 |  139.0 |
          Lair |   6810 |   6667 |    143 |    348 |   5329 |   5 | 1362.0 |
         Abyss |    553 |    553 |      0 |      0 |    410 |   1 |  553.0 |
         Sewer |    588 |    588 |      0 |      0 |    389 |   1 |  588.0 |
       Ossuary |    576 |    576 |      0 |      0 |    426 |   1 |  576.0 |
               +--------+--------+--------+--------+--------+-----+--------+

Top non-repeatable levels by time:
  Lair:2: 2502 daAuts
     D:4: 1761 daAuts
     D:9: 1626 daAuts
     D:8: 1593 daAuts
  Lair:4: 1508 daAuts
     D:6: 1490 daAuts
    D:10: 1442 daAuts
     D:5: 1321 daAuts
     D:3: 1272 daAuts
    D:11: 1249 daAuts
  Lair:1: 1242 daAuts
     D:7: 1094 daAuts
     D:2: 1070 daAuts
     D:1: 1012 daAuts
  Lair:3: 942 daAuts
